 Dungeon Crawl Stone Soup version 0.29.1-1-gd02db6906a (webtiles) character file.

Game seed: 11974841599353861215

559 Linkola the Conjurer (level 7, 0/36 HPs)
             Began as a Deep Elf Conjurer on Oct 15, 2022.
             Slain by an orc
             ... wielding a +0 hand axe
              (1 damage)
             ... on level 4 of the Dungeon.
             The game lasted 00:11:27 (3163 turns).

Linkola the Conjurer (Deep Elf Conjurer)            Turns: 3163, Time: 00:11:27

Health: 0/36       AC:  5    Str:  4    XL:     7   Next: 9%
Magic:  3/18       EV: 12    Int: 25    God:
Gold:   103        SH:  0    Dex: 13    Spells: 8/18 levels left

rFire   . . .      SeeInvis .   a - +2 dagger (drain)
rCold   . . .      Faith    .   (no shield)
rNeg    . . .      Spirit   .   c - +0 robe
rPois   .          Reflect  .   (no helmet)
rElec   .          Harm     .   (no cloak)
rCorr   .          Rampage  .   g - +2 pair of gloves
Will    .....                   (no boots)
Stlth   ++........              (no amulet)
HPRegen 0.12/turn               (no ring)
MPRegen 0.16/turn               (no ring)

@: no status effects
A: no striking features
a: no special abilities


You were on level 4 of the Dungeon.
You visited 1 branch of the dungeon, and saw 4 of its levels.

You collected 103 gold pieces.

Inventory:

Hand Weapons
 a - a +2 dagger of draining (weapon)
Armour
 c - a +0 robe (worn)
 g - a +2 pair of gloves (worn)
Jewellery
 l - a ring of wizardry
Wands
 d - a wand of flame (4) (quivered)
Scrolls
 i - a scroll of fog
 k - a scroll of vulnerability {unknown}
Potions
 b - a potion of magic
 e - a potion of curing
 f - a potion of flight {unknown}
 h - a potion of degeneration {unknown}
 j - 2 potions of ambrosia {unknown}


   Skills:
 + Level 3.0 Dodging
 + Level 3.3 Stealth
 + Level 6.4 Spellcasting
 + Level 6.7 Conjurations
 * Level 2.1 Hexes
 * Level 2.4 Evocations


You had 8 spell levels left.
You knew the following spells:

 Your Spells              Type           Power      Damage    Failure   Level
a - Magic Dart            Conj           100%       1d8       1%          1
b - Searing Ray           Conj           84%        2d7       1%          2
c - Dazzling Flash        Conj/Hex       60%        N/A       3%          3
d - Iskenderun's Mystic   Conj/Tloc      25%        2d7       17%         4

Your spell library contained the following spells:

 Spells                   Type           Power      Damage    Failure   Level
 Fulminant Prism          Conj/Hex       15%        3d11      12%         4
 Petrify                  Tmut/Erth      8%         N/A       56%         4
 Metabolic Englaciation   Hex/Ice        6%         N/A       78%         5
 Statue Form              Tmut/Erth      5%         N/A       100%        6


Dungeon Overview and Level Annotations

Branches:
Dungeon (4/15)
 Temple: D:4-7

Altars:
Dithmenos
Makhleb
Xom


Message History

You hit the endoplasm but do no damage. You drain the endoplasm.
The endoplasm is severely wounded.
The endoplasm freezes you.
You are frozen.
* * * LOW HITPOINT WARNING * * *
The orc misses you.
You barely miss the endoplasm.
The endoplasm is severely wounded.
The endoplasm freezes you.
You are frozen.
* * * LOW HITPOINT WARNING * * *
The orc closely misses you. The hobgoblin completely misses you.
You hit the endoplasm.
You kill the endoplasm!
The hobgoblin hits you but does no damage.
You closely miss the orc.
A hobgoblin comes into view.
The orc hits you with a +0 short sword.
* * * LOW HITPOINT WARNING * * *
The orc hits you but does no damage. The hobgoblin closely misses you.
The hobgoblin shouts!
You hit the orc. You drain the orc.
You kill the orc!
The hobgoblin closely misses you.
You closely miss the orc. The hobgoblin barely misses you.
The orc hits you but does no damage.
You closely miss the orc. The orc barely misses you.
The orc completely misses you. The hobgoblin barely misses you.
You hit the orc. You drain the orc.
The orc is heavily wounded.
The hobgoblin barely misses you. The orc hits you with a +0 hand axe.
* * * LOW HITPOINT WARNING * * *
The orc hits you but does no damage.
You hit the orc.
You kill the orc!
The hobgoblin closely misses you. The orc misses you.
You hit the hobgoblin. You drain the hobgoblin.
The hobgoblin is severely wounded.
The orc hits you with a +0 hand axe.
You die...

... ....
.... ....
##..# ...
##.# ###gg#
#######.o@##
......))###
........>#
..........#
.........<#
[..)......#
..........#
.)........#
.........##


You could see an orc and 2 hobgoblins.

Vanquished Creatures
  Sigmund (D:2)
  A hound (D:4)
  2 orc priests (D:3)
  3 iron imps (D:3)
  Jessica (D:2)
  An orc wizard (D:4)
  8 gnolls
  2 adders (D:2)
  An ufetubus (D:4)
  A worm (D:2)
  4 dart slugs
  9 orcs
  6 endoplasms
  9 goblins
  5 hobgoblins
  2 quokkas (D:2)
  A ball python (D:1)
  5 bats
  7 frilled lizards
  2 kobolds
  5 rats
76 creatures vanquished.

Notes
Turn   | Place    | Note
-------+----------+-------------------------------------------
     0 | D:1      | Linkola the Deep Elf Conjurer began the quest for the Orb.
     0 | D:1      | Reached XP level 1. HP: 10/10 MP: 6/6
    58 | D:1      | Reached XP level 2. HP: 15/15 MP: 0/8
   190 | D:1      | Learned a level 2 spell: Searing Ray
   258 | D:1      | Reached skill level 5 in Conjurations
   510 | D:1      | Found a faded altar of an unknown god.
   884 | D:1      | Reached XP level 3. HP: 19/19 MP: 7/9
  1346 | D:2      | Found a shimmering altar of Xom.
  1605 | D:2      | Noticed Jessica
  1609 | D:2      | Killed Jessica
  1610 | D:2      | Reached XP level 4. HP: 24/24 MP: 6/11
  1960 | D:2      | Noticed Sigmund
  1964 | D:2      | Killed Sigmund
  1965 | D:2      | Reached skill level 1 in Evocations
  1965 | D:2      | Reached XP level 5. HP: 25/28 MP: 7/14
  2146 | D:3      | Learned a level 3 spell: Dazzling Flash
  2301 | D:3      | Learned a level 4 spell: Iskenderun's Mystic Blast
  2398 | D:3      | Reached XP level 6. HP: 32/32 MP: 11/15
  2409 | D:3      | Reached skill level 5 in Spellcasting
  2513 | D:3      | Found a shadowy altar of Dithmenos.
  2927 | D:3      | Found a burning altar of Makhleb.
  2999 | D:3      | Reached skill level 1 in Hexes
  3134 | D:4      | Reached XP level 7. HP: 26/36 MP: 7/18
  3161 | D:4      | HP: 1/36 [orc/+0 hand axe (5)]
  3163 | D:4      | Slain by an orc

Illustrated notes

Levels and vault maps discovered:
D:1:      erik_arrival_orb_chamber, layout_basic,
          hellmonk_ecumenical_altar_zigzags
D:2:      layout_basic, basic_altar, uniq_jessica, uniq_sigmund
D:3:      layout_rooms, nicolae_dithmenos_the_darkroom, demons_altar
D:4:      layout_rooms, uniq_ijyb

Skill      XL: |  1  2  3  4  5  6 |
---------------+-------------------+-----
Conjurations   | 5 6 |  6.7
Dodging        | 3 |  3.0
Stealth        | 3 |  3.3
Spellcasting   | 4 6 |  6.4
Evocations     | 1 2 |  2.4
Hexes          | 2 |  2.1

Action                   |  1- 3 |  4- 6 |  7- 9 || total
-------------------------+-------+-------+-------++-------
Melee: Dagger            |     1 |     2 |    14 ||    17
 Cast: Magic Dart        |    63 |    61 |     9 ||   133
       Searing Ray       |       |     5 |       ||     5
Evoke: Wand              |       |     1 |       ||     1
  Use: Scroll            |     7 |     1 |       ||     8
Armor: Robe              |     2 |     2 |     7 ||    11
Dodge: Dodged            |     3 |     5 |    22 ||    30
